Map: Tokamak LE

Players

ManlyManMeat - Winner!

  • Race: Zerg Zerg
  • League: Diamond
  • Spawn Location: 7:00

FreshMeat

  • Race: Zerg Zerg
  • League: Master
  • Spawn Location: 1:00

VOD

Have the link to the VOD?

Description

Time

  • Played on: July 8, 2025, 5:27 p.m.
  • Length: 6:34
Show
View Real Time Build Order
Export as new Build Order

ManlyManMeat Zerg - Winner!

Build Orders: Hatch First 

Get SALT Encoding   

  12  0:00  Drone  
  13  0:08  Drone  
  13  0:12  Extractor  
  13  0:15  Drone  
  15  0:23  Overlord  
  15  0:42  Drone  
  16  0:48  Hatchery  
  15  0:50  Drone  
  15  0:54  Drone  
  17  0:58  Drone  
  18  1:08  Extractor  
  17  1:13  Spawning Pool  
  17  1:16  Drone  
  17  1:20  Drone  
  18  1:27  Drone  
  19  1:36  Drone  
  20  1:52  Drone  
  21  2:00  Queen x2  
  21  2:01  Zergling x2  
  26  2:02  Overlord  
  26  2:09  Drone  
  26  2:11  Metabolic Boost  
  26  2:15  Drone  
  28  2:23  Drone x2  
  30  2:38  Hatchery  
  30  2:42  Overlord  
  29  2:45  Drone  
  30  2:52  Overlord  
  30  3:05  Baneling Nest  
  28  3:06  Zergling x2  
  28  3:07  Zergling x8  
  33  3:14  Zergling x2  
  34  3:22  Baneling Nest  
  33  3:28  Zergling x2  
  33  3:29  Zergling x6  
  29  3:34  Zergling x4  
  30  3:47  Zergling x2  
  30  3:48  Zergling x2  
  29  3:56  Drone  
  29  4:00  Zergling x2  
  31  4:03  Zergling x2  
  31  4:08  Baneling x2  
  31  4:09  Zergling x2, Baneling  
  33  4:23  Zergling x8  
  31  4:37  Zergling x2  
  28  4:45  Zergling x4  
  26  4:49  Zergling x2  
  26  4:50  Zergling x2  
  27  4:54  Baneling  
  27  4:57  Zergling x4  
  29  5:01  Zergling x2  
  30  5:10  Zergling x2  
  30  5:11  Zergling x6  
  32  5:14  Baneling  
  32  5:15  Baneling  
  32  5:18  Baneling  
  32  5:19  Zergling x2  
  30  5:21  Baneling x2  
  27  5:38  Zergling x2  
  27  5:39  Zergling x8  
  30  5:51  Zergling x2  
  30  5:52  Zergling x8  
  30  5:56  Zergling x2  
  35  5:57  Baneling x2  
Show
View Real Time Build Order
Export as new Build Order

FreshMeat Zerg 

Build Orders: Hatch First 

Get SALT Encoding   

  12  0:08  Drone x2  
  14  0:37  Extractor  
  14  0:40  Hatchery  
  12  0:50  Spawning Pool  
  12  0:54  Drone  
  12  0:59  Drone  
  13  1:05  Drone  
  14  1:17  Overlord  
  14  1:40  Drone x2  
  14  1:41  Metabolic Boost  
  16  1:50  Queen  
  18  2:03  Queen  
  18  2:07  Zergling x2  
  21  2:10  Zergling x2  
  21  2:13  Zergling x2  
  23  2:17  Zergling x2  
  24  2:32  Zergling x6  
  24  2:33  Zergling x2  
  24  2:36  Overlord  
  28  2:50  Overlord  
  28  3:00  Zergling x10  
  33  3:09  Zergling x4  
  33  3:10  Zergling x2  
  35  3:27  Zergling x2  
  35  3:28  Zergling x8  
  35  3:29  Zergling x2  
  32  3:41  Zergling x2  
  32  3:42  Zergling x4  
  30  3:53  Zergling x6  
  33  3:57  Zergling x2  
  33  4:02  Drone  
  36  4:10  Drone  
  30  4:32  Zergling x12  
  30  4:33  Zergling x2  
  32  4:49  Zergling x4  
  32  4:50  Zergling x6  
  36  5:02  Drone  
  36  5:03  Drone  
  38  5:08  Drone, Spine Crawler  
  33  5:14  Zergling x6  
  33  5:15  Zergling x6  
  35  5:30  Drone  
  35  5:31  Drone  
  34  5:36  Drone  
  34  5:41  Drone  
  34  5:49  Evolution Chamber  
  29  5:53  Roach Warren  
  29  5:54  Evolution Chamber  
  29  5:55  Drone x2  
  27  6:04  Drone x2, Spine Crawler  
  27  6:06  Drone, Spine Crawler  
  27  6:09  Drone  
  27  6:11  Drone  
  31  6:19  Roach Warren  
Tags
 
Matchup
ZvZ
Race
Zerg
Replay Pack
Myownreplay2
Spawn Locations
Cross Positions
Add a new tag
Caveats
  • Supply blocks, unpowered buildings, or Contaminate may cause inaccurate times.
  • Supply counts are checked every 10 seconds.